Map: Blood Boil LE

Players

Railgan - Winner!

  • Race: Zerg Zerg
  • League: Master
  • Spawn Location: 11:00

lIlIlIlIIIll

  • Race: Protoss Protoss
  • League: Master
  • Spawn Location: 5:00

VOD

Have the link to the VOD?

Description

Time

  • Played on: May 3, 2017, 6:47 p.m.
  • Length: 21:06
Show
View Real Time Build Order
Export as new Build Order

Railgan Zerg - Winner!

Build Orders: Hatch First 

Get SALT Encoding   

  12  0:00  Unknown  
  12  0:01  Drone  
  13  0:12  Overlord  
  13  0:18  Drone  
  14  0:30  Drone x2  
  14  0:34  Drone  
  17  0:54  Hatchery  
  17  0:56  Drone  
  17  0:59  Drone  
  18  1:11  Extractor  
  18  1:15  Spawning Pool  
  16  1:18  Drone  
  16  1:20  Drone  
  18  1:28  Drone  
  19  1:38  Overlord  
  19  1:56  Drone  
  20  2:02  Queen  
  20  2:03  Zergling x2  
  20  2:05  Queen  
  20  2:06  Zergling x2  
  26  2:11  Drone  
  27  2:20  Drone, Metabolic Boost  
  27  2:22  Drone  
  29  2:27  Drone  
  30  2:32  Drone  
  31  2:39  Drone  
  31  2:43  Drone  
  33  2:52  Hatchery  
  33  2:53  Overlord  
  33  2:57  Zergling x2  
  33  3:00  Queen  
  33  3:05  Drone  
  36  3:08  Overlord  
  36  3:11  Drone x2  
  38  3:17  Spore Crawler  
  38  3:19  Spore Crawler  
  36  3:20  Drone  
  36  3:23  Drone  
  36  3:24  Drone x2  
  42  3:28  Drone  
  42  3:30  Drone x2  
  42  3:33  Spore Crawler  
  44  3:36  Spore Crawler  
  44  3:39  Drone  
  44  3:40  Drone  
  45  3:44  Drone x2  
  47  3:50  Roach Warren  
  47  3:55  Zergling x4  
  48  3:59  Lair  
  48  4:04  Spore Crawler  
  48  4:05  Queen  
  48  4:06  Drone  
  50  4:13  Drone  
  50  4:14  Drone x3  
  54  4:17  Drone  
  54  4:18  Overlord  
  54  4:20  Drone  
  54  4:21  Drone  
  54  4:23  Drone  
  57  4:26  Drone  
  57  4:30  Overlord  
  58  4:33  Overlord  
  57  4:38  Roach  
  57  4:39  Roach x2  
  57  4:40  Roach  
  57  4:45  Overlord  
  65  4:47  Overlord  
  65  4:49  Extractor  
  65  4:50  Extractor  
  65  4:51  Roach  
  65  4:52  Evolution Chamber  
  64  4:53  Roach  
  64  4:54  Roach  
  67  5:00  Drone x3  
  67  5:01  Drone x2  
  67  5:03  Drone  
  67  5:05  Roach  
  75  5:10  Zergling x2  
  75  5:11  Zergling x6  
  76  5:16  Roach  
  76  5:20  Drone x4  
  75  5:33  Drone x6  
  75  5:34  Drone x2  
  83  5:39  Glial Reconstitution  
  83  5:41  Overlord  
  83  5:44  Drone  
  83  5:48  Overlord  
  83  5:49  Extractor  
  83  5:50  Drone x2  
  83  5:51  Drone  
  83  5:52  Drone  
  83  5:56  Drone x2  
  83  5:57  Drone, Hatchery  
  87  6:01  Drone  
  87  6:04  Overlord  
  87  6:10  Drone x3  
  90  6:11  Hydralisk Den  
  90  6:14  Drone  
  90  6:16  Drone  
  90  6:18  Drone  
  91  6:20  Drone x2  
  91  6:22  Drone  
  91  6:23  Drone  
  91  6:24  Zerg Missile Weapons Level 1  
  95  6:27  Extractor  
  95  6:28  Extractor  
  95  6:30  Drone  
  95  6:31  Drone x3  
  95  6:32  Overlord  
  97  6:34  Overlord  
  97  6:35  Overlord  
  97  6:36  Roach  
  97  6:37  Roach x3  
  105  6:40  Ravager  
  105  6:42  Infestation Pit  
  105  6:47  Drone x2  
  106  6:53  Drone  
  106  6:58  Drone x2  
  106  6:59  Drone  
  106  7:00  Roach  
  110  7:04  Hydralisk  
  110  7:06  Muscular Augments  
  110  7:08  Hydralisk x2  
  112  7:10  Drone x8  
  112  7:13  Overlord  
  124  7:16  Roach  
  124  7:18  Roach  
  124  7:19  Extractor  
  124  7:20  Spore Crawler  
  125  7:27  Roach  
  125  7:28  Roach x3  
  132  7:31  Hive  
  132  7:38  Spire  
  132  7:40  Roach x2  
  135  7:51  Pneumatized Carapace  
  135  7:53  Roach x2  
  135  7:54  Hydralisk x2  
  135  7:56  Overlord  
  142  8:01  Zergling x8  
  142  8:02  Zergling x8  
  150  8:07  Overlord  
  150  8:11  Hydralisk  
  152  8:15  Overlord  
  152  8:18  Overlord  
  152  8:26  Hydralisk  
  154  8:31  Roach x3  
  154  8:32  Roach x4  
  168  8:34  Hydralisk x2  
  168  8:37  Roach x2  
  168  8:38  Hydralisk x2  
  175  8:46  Drone x2  
  175  8:47  Drone  
  173  8:56  Drone x4  
  173  9:00  Spine Crawler, Zerg Melee Weapons Level 1  
  173  9:01  Corruptor  
  173  9:02  Corruptor x3  
  184  9:04  Evolution Chamber, Overlord  
  183  9:13  Overlord  
  183  9:19  Overlord  
  183  9:22  Queen  
  183  9:24  Overlord  
  184  9:28  Corruptor, Greater Spire  
  184  9:29  Corruptor  
  184  9:30  Zergling x10  
  192  9:31  Overlord  
  192  9:32  Zerg Missile Weapons Level 2  
  192  9:34  Adrenal Glands  
  179  9:38  Zergling x2  
  178  9:52  Zergling x2  
  165  9:53  Zergling x10  
  165  9:54  Zergling x2  
  165  9:57  Zergling x10  
  169  10:19  Drone  
  170  10:22  Zergling x12  
  170  10:23  Zergling x2  
  170  10:26  Overlord  
  170  10:27  Baneling Nest  
  176  10:34  Hatchery, Zergling x16  
  162  10:36  Zergling x2  
  162  10:39  Hydralisk, Zergling x10  
  162  10:40  Hydralisk x2  
  152  10:44  Brood Lord x6  
  152  10:45  Drone  
  152  10:48  Corruptor  
  152  10:49  Zerg Flyer Weapons Level 1, Corruptor  
  167  10:51  Corruptor  
  167  10:54  Drone  
  167  10:55  Drone x3  
  167  10:56  Zerg Melee Weapons Level 2  
  175  10:59  Drone  
  175  11:01  Zergling x2  
  177  11:04  Overlord  
  177  11:06  Zergling x2  
  177  11:08  Drone  
  177  11:09  Hatchery, Zergling x6  
  177  11:10  Zergling x4  
  183  11:16  Drone x2  
  183  11:18  Zergling x2  
  183  11:24  Hydralisk  
  186  11:26  Ravager x2  
  186  11:27  Overlord, Ravager x3  
  186  11:28  Zergling x2  
  186  11:29  Overseer  
  192  11:33  Corruptor  
  192  11:34  Zergling x2  
  184  11:47  Corruptor x2  
  184  11:52  Zergling x2  
  184  11:53  Hydralisk, Zergling x20  
  187  11:54  Hydralisk, Roach x2  
  187  11:57  Roach  
  175  12:06  Hydralisk  
  148  12:08  Roach  
  148  12:09  Roach x4  
  136  12:16  Roach x4  
  136  12:17  Roach  
  136  12:19  Roach  
  136  12:20  Roach x2  
  136  12:21  Roach  
  136  12:22  Roach  
  147  12:24  Roach  
  147  12:26  Zergling x4  
  147  12:29  Lair, Roach  
  153  12:33  Roach x2  
  157  12:37  Drone  
  157  12:38  Drone  
  157  12:40  Drone x2  
  161  12:45  Drone  
  161  12:46  Extractor  
  161  12:48  Extractor  
  161  12:49  Drone  
  161  12:50  Drone x2  
  163  12:55  Corruptor  
  163  12:56  Corruptor x2  
  169  12:58  Drone x2  
  169  13:00  Spine Crawler, Drone  
  169  13:02  Spore Crawler  
  169  13:04  Drone x4, Hatchery  
  173  13:05  Extractor  
  170  13:14  Corruptor x2  
  170  13:19  Corruptor  
  176  13:20  Zergling x10  
  176  13:26  Corruptor  
  159  13:27  Zergling x6  
  140  13:35  Corruptor  
  140  13:36  Zergling x2  
  140  13:37  Zergling x12  
  140  13:40  Zergling x2  
  140  13:45  Zergling x2  
  140  13:46  Ravager x2  
  140  13:47  Ravager x3, Zergling x2  
  147  13:50  Baneling x3  
  147  13:51  Zergling x2  
  144  14:01  Zergling x4  
  128  14:06  Zergling x2  
  118  14:10  Zergling x16  
  114  14:24  Zergling x6  
  114  14:25  Zergling x8  
  117  14:34  Drone  
  117  14:35  Drone x3  
  117  14:36  Extractor  
  119  14:41  Zergling x12  
  119  14:42  Zergling x12  
  119  14:43  Baneling x10  
  130  14:49  Brood Lord x3  
  130  14:50  Drone x4, Brood Lord  
  130  14:52  Drone  
  143  14:53  Drone  
  143  14:57  Zergling x2  
  143  14:58  Zergling x2  
  146  15:01  Zergling x2  
  146  15:02  Spine Crawler  
  146  15:03  Drone  
  146  15:06  Zergling x2  
  148  15:10  Zergling x2  
  148  15:11  Zergling x2  
  148  15:12  Corruptor x3  
  148  15:14  Zergling x2  
  157  15:15  Hatchery  
  155  15:31  Drone x8  
  155  15:32  Drone x2  
  155  15:33  Overlord, Zergling x2  
  155  15:34  Overlord  
  161  15:38  Zergling x2  
  161  15:40  Corruptor x2, Swarm Host, Zergling x2  
  161  15:42  Zergling x2  
  171  15:43  Hive  
  171  15:46  Zerg Ground Armor Level 1  
  171  15:47  Zergling x2  
  172  15:51  Corruptor, Baneling x7  
  172  15:52  Centrifical Hooks, Hatchery  
  172  15:55  Drone x3  
  172  15:56  Drone  
  177  15:57  Zergling x2  
  175  16:05  Drone  
  175  16:07  Drone x2  
  160  16:22  Zergling x18  
  152  16:28  Zergling x2  
  152  16:29  Zergling x14  
  137  16:35  Zergling x6  
  133  16:49  Brood Lord x5  
  133  16:51  Baneling x4  
  133  16:52  Baneling x4  
  147  16:58  Drone x4  
  147  17:00  Zerg Flyer Weapons Level 2  
  151  17:02  Zerg Melee Weapons Level 3  
  151  17:03  Zergling x2  
  144  17:09  Corruptor x2  
  144  17:15  Corruptor x3  
  152  17:16  Corruptor  
  152  17:17  Corruptor  
  152  17:21  Drone  
  158  17:22  Drone  
  158  17:23  Drone, Zergling x10  
  158  17:24  Overlord  
  164  17:35  Corruptor  
  164  17:36  Corruptor x4  
  170  17:37  Zergling x6  
  170  17:38  Drone  
  170  17:39  Extractor  
  172  17:45  Corruptor x2  
  172  17:46  Zergling x2  
  172  17:48  Zerg Ground Armor Level 2  
  172  17:50  Drone  
  172  17:51  Overseer  
  178  17:52  Drone  
  178  17:57  Drone  
  178  17:58  Extractor, Overseer  
  180  18:02  Baneling x8  
  175  18:16  Zergling x10  
  179  18:29  Ultralisk Cavern  
  179  18:34  Zergling x8  
  141  19:07  Zergling x16  
  125  19:14  Roach x8  
  125  19:15  Zergling x6  
  140  19:24  Ultralisk x7, Zergling x2  
  177  19:32  Ultralisk  
  177  19:33  Zergling x4  
  177  19:34  Drone x2  
  177  19:35  Drone x2  
  187  19:40  Drone  
  187  19:43  Drone x6  
  179  19:56  Drone x2, Hatchery  
  179  19:57  Drone x5  
  179  19:58  Drone x3  
  188  20:01  Ravager x6  
  188  20:05  Zergling x12  
  200  20:19  Zergling x6  
  200  20:25  Extractor  
  200  20:26  Spine Crawler  
  200  20:28  Zergling x4  
Show
View Real Time Build Order
Export as new Build Order

lIlIlIlIIIll Protoss 

Build Orders: 1 Gate Expand, Oracle Opening, Phoenix Opening 

Get SALT Encoding   

  12  0:00  Probe (Chrono Boost), Unknown  
  13  0:11  Probe (Chrono Boost)  
  14  0:18  Pylon  
  14  0:22  Probe (Chrono Boost)  
  15  0:37  Probe (Chrono Boost)  
  15  0:40  Gateway  
  16  0:47  Probe (Chrono Boost)  
  17  0:53  Assimilator  
  17  1:04  Probe (Chrono Boost)  
  18  1:15  Probe (Chrono Boost)  
  19  1:24  Nexus  
  19  1:29  Probe (Chrono Boost)  
  20  1:38  Cybernetics Core  
  20  1:40  Probe (Chrono Boost)  
  20  1:46  Assimilator  
  21  1:51  Probe (Chrono Boost)  
  22  1:59  Pylon  
  23  2:01  Probe (Chrono Boost)  
  23  2:12  Warp Gate  
  23  2:13  Adept  
  23  2:18  Probe (Chrono Boost)  
  27  2:30  Probe (Chrono Boost)  
  27  2:36  Probe (Chrono Boost)  
  27  2:38  Stargate  
  27  2:40  Adept  
  27  2:41  Probe (Chrono Boost)  
  30  2:47  Probe (Chrono Boost)  
  31  2:51  Probe (Chrono Boost)  
  31  2:58  Probe (Chrono Boost)  
  33  3:03  Probe (Chrono Boost)  
  34  3:08  Probe (Chrono Boost)  
  34  3:10  Gateway x2  
  35  3:15  Probe (Chrono Boost)  
  35  3:19  Oracle  
  36  3:22  Adept  
  42  3:28  Probe (Chrono Boost)  
  42  3:29  Probe (Chrono Boost)  
  43  3:39  Pylon, Probe (Chrono Boost)  
  43  3:41  Probe (Chrono Boost)  
  45  3:45  Pylon  
  45  3:47  Assimilator  
  45  3:50  Probe (Chrono Boost)  
  45  3:54  Phoenix  
  46  3:59  Probe (Chrono Boost)  
  49  4:04  Probe (Chrono Boost)  
  51  4:11  Probe (Chrono Boost)  
  51  4:14  Nexus  
  51  4:15  Probe (Chrono Boost)  
  52  4:22  Adept x2  
  56  4:26  Adept  
  56  4:30  Mothership Core (Chrono Boost)  
  60  4:37  Probe (Chrono Boost)  
  60  4:44  Forge  
  60  4:45  Twilight Council  
  60  4:47  Adept  
  62  5:05  Pylon  
  62  5:06  Pylon  
  62  5:08  Pylon  
  62  5:14  Probe x2 (Chrono Boost)  
  60  5:24  Resonating Glaives  
  60  5:25  Probe x2 (Chrono Boost)  
  60  5:26  Probe (Chrono Boost)  
  59  5:29  Protoss Ground Weapons Level 1, Sentry x2  
  59  5:30  Sentry  
  61  5:35  Probe x2 (Chrono Boost)  
  61  5:37  Probe (Chrono Boost)  
  61  5:38  Robotics Facility  
  62  5:46  Pylon, Probe x2 (Chrono Boost)  
  62  5:47  Probe (Chrono Boost)  
  66  5:57  Probe (Chrono Boost), Robotics Facility  
  66  5:58  Probe x2 (Chrono Boost)  
  66  6:00  Photon Cannon  
  68  6:06  Sentry  
  68  6:07  Assimilator  
  68  6:08  Probe (Chrono Boost), Assimilator  
  68  6:09  Probe (Chrono Boost)  
  68  6:11  Probe (Chrono Boost)  
  73  6:17  Adept x2  
  77  6:20  Immortal  
  77  6:21  Probe (Chrono Boost)  
  77  6:24  Pylon  
  82  6:30  Gateway x2  
  82  6:37  Gateway  
  82  6:39  Gateway  
  82  6:42  Gateway  
  82  6:43  Observer  
  83  6:56  Immortal  
  83  6:59  Warp Prism  
  87  7:03  Templar Archives  
  87  7:05  Charge  
  87  7:07  Protoss Ground Weapons Level 2  
  89  7:09  Probe (Chrono Boost)  
  89  7:10  Probe (Chrono Boost)  
  89  7:11  Probe (Chrono Boost)  
  89  7:12  Adept x3  
  98  7:18  Pylon  
  99  7:22  Probe (Chrono Boost)  
  99  7:27  Adept x2  
  103  7:32  Immortal  
  103  7:35  Adept x2  
  111  8:02  Nexus, Immortal  
  111  8:05  Pylon  
  115  8:06  Immortal, Psionic Storm  
  115  8:08  Pylon  
  115  8:10  Pylon  
  115  8:12  Pylon  
  119  8:14  Zealot x3  
  125  8:21  Pylon  
  125  8:22  Pylon  
  125  8:39  High Templar x3  
  119  9:05  Pylon, Gateway  
  119  9:07  Gateway  
  119  9:09  Gateway x2  
  119  9:12  Immortal  
  119  9:13  Fleet Beacon, Gateway  
  123  9:17  Immortal, Gateway  
  123  9:18  Zealot x4, Gateway  
  135  9:30  Probe (Chrono Boost)  
  135  9:31  Protoss Ground Weapons Level 3  
  138  9:32  Probe x3 (Chrono Boost)  
  135  9:41  Probe (Chrono Boost)  
  135  9:42  Probe (Chrono Boost)  
  135  9:44  Probe x2 (Chrono Boost)  
  135  9:52  Probe (Chrono Boost)  
  134  9:54  Zealot  
  134  9:56  Probe x2 (Chrono Boost)  
  134  9:59  Stargate  
  138  10:00  Stargate  
  138  10:09  Warp Prism  
  138  10:10  Tempest  
  138  10:13  Assimilator  
  142  10:15  Zealot x5  
  142  10:17  Assimilator  
  142  10:21  Zealot x3  
  152  10:27  Photon Cannon  
  135  10:38  Tempest x2  
  131  10:46  Protoss Air Weapons Level 1  
  143  10:52  Tempest, Zealot x4  
  151  10:57  Sentry  
  159  11:15  Tempest  
  153  11:20  Tempest  
  153  11:21  Zealot x6  
  153  11:22  Zealot x2  
  180  11:46  Zealot x8  
  180  11:47  Zealot x2  
  173  11:55  Archon  
  173  11:57  Zealot  
  148  12:27  Nexus  
  142  12:35  High Templar x4  
  142  12:37  High Templar x4, Observer  
  134  12:38  Zealot x6  
  134  12:39  Warp Prism  
  134  12:41  Archon x2  
  151  12:47  Pylon  
  151  12:49  Pylon  
  151  13:00  Sentry x2  
  151  13:02  Pylon, Nexus  
  151  13:03  Pylon  
  155  13:05  Pylon  
  155  13:06  Pylon  
  155  13:07  Stalker x3  
  155  13:08  Stalker, Zealot  
  165  13:26  Archon  
  163  13:31  Zealot x8  
  163  13:35  Archon  
  147  14:03  Zealot x5  
  147  14:04  Zealot x4  
  123  14:14  High Templar x4  
  123  14:15  High Templar x2, Zealot  
  123  14:16  Zealot x7  
  137  14:21  Immortal  
  117  14:25  Archon  
  117  14:26  Archon x2  
  117  14:30  Immortal  
  113  14:38  Zealot x5  
  113  14:39  Zealot x3  
  129  14:45  Assimilator  
  129  14:50  Assimilator  
  129  14:52  Tempest  
  135  14:53  Pylon  
  135  15:01  Tempest  
  135  15:02  Assimilator  
  141  15:15  Photon Cannon  
  141  15:16  Photon Cannon  
  141  15:21  Photon Cannon  
  141  15:23  Photon Cannon  
  141  15:24  Photon Cannon  
  141  15:26  Photon Cannon  
  135  15:28  Pylon  
  135  15:31  High Templar x2  
  127  15:37  Probe x3 (Chrono Boost)  
  127  15:38  Probe (Chrono Boost)  
  127  15:41  Pylon  
  127  15:42  Tempest  
  137  15:50  Tempest  
  137  15:56  Photon Cannon  
  143  15:57  Photon Cannon  
  117  16:18  Zealot x4  
  117  16:19  Zealot x7  
  102  16:26  Stalker  
  102  16:32  Stalker x2  
  94  16:44  Probe x2 (Chrono Boost)  
  94  16:45  Probe x3 (Chrono Boost)  
  97  16:50  High Templar x3  
  103  16:57  Probe x2 (Chrono Boost)  
  103  16:59  Archon  
  103  17:00  Archon  
  105  17:09  Tempest  
  105  17:15  Probe x3 (Chrono Boost)  
  116  17:23  Probe x2 (Chrono Boost)  
  116  17:27  Probe (Chrono Boost)  
  117  17:32  Zealot x3  
  117  17:33  Zealot  
  125  17:41  High Templar x2, Probe x2 (Chrono Boost)  
  125  17:43  Tempest  
  137  17:53  Tempest  
  143  18:12  Tempest  
  143  18:25  Photon Cannon  
  139  18:28  Photon Cannon  
  139  18:34  Zealot x2  
  139  18:35  Zealot x2  
  146  18:53  Zealot x2  
  146  18:54  Archon, Zealot x2  
  146  18:55  Zealot x4  
  123  19:02  Stalker, Zealot  
  79  19:31  High Templar x4  
  79  19:37  Archon x2  
  79  19:46  Zealot x4  
  79  19:47  Stalker, Zealot x2  
  79  19:48  Stalker x3  
  93  19:57  Assimilator  
  93  20:09  Stalker x2  
  93  20:10  Stalker, Zealot x4  
  106  20:23  Stalker x2  
  106  20:24  Zealot x2  
  114  20:29  Stalker  
Tags
 
Add a new tag
Caveats
  • Supply blocks, unpowered buildings, or Contaminate may cause inaccurate times.
  • Supply counts are checked every 10 seconds.